 Dungeon Crawl Stone Soup version 0.31.0-32-g396128a36d (webtiles) character file.

Game seed: 7969196475096175477

6 Dadi the Ruffian (level 1, -1/18 HPs)
             Began as a Naga Shapeshifter on Mar 24, 2024.
             Slain by a quokka (5 damage)
             ... on level 1 of the Dungeon.
             The game lasted 00:00:29 (106 turns).

Dadi the Ruffian (Naga Shapeshifter)                 Turns: 106, Time: 00:00:29

Health: -1/18      AC:  1    Str: 16    XL:     1   Next: 90%
Magic:  1/1        EV:  9    Int: 10    God:
Gold:   0          SH:  0    Dex: 10    Spells: 0/0 levels left

rFire   . .          .
                       - Unarmed
rCold   . . .        (no shield)
rNeg    . . .        a - +0 animal skin
rPois   +            (helmet currently unavailable)
rElec   .            (cloak currently unavailable)
rCorr   .            (gloves currently unavailable)
SInv    +            (no barding)
Will    .....        (no amulet)
Stlth   +            (no ring)
HPRegen 0.23/turn    (no ring)
MPRegen 0.07/turn

%: no passive effects
@: beast-form, very slow
A: beast (slay +1), AC +0, large, see invisible, deformed body, poison
resistance, slowness 2, spit poison 1, naga tail 1
a: Spit Poison, Begin Untransformation


You were on level 1 of the Dungeon.
You were a hulking beast.
You visited 1 branch of the dungeon, and saw 1 of its levels.

Inventory:

Armour
 a - a +0 animal skin (worn)
Talismans
 c - a beast talisman (active)
 d - a flux talisman
Scrolls
 e - a scroll of amnesia {unknown}
Potions
 b - a potion of lignification


   Skills:
 - Level 1.0 Fighting
 - Level 1.5 Dodging
 + Level 3.2 Unarmed Combat
 + Level 3.1 Shapeshifting


You couldn't memorise any spells.
You didn't know any spells.
Your spell library was empty.

Dungeon Overview and Level Annotations

Branches:
Dungeon (1/15)

Altars:


Innate Abilities, Weirdness & Mutations

You are a hulking beast.
Your limbs bulge with bestial killing power. (Slay +1)
Your serpentine skin is tough. (AC +0)
You have supernaturally acute eyesight. (SInv)
Armour fits poorly on your strangely shaped body.
Your system is resistant to poisons. (rPois)
You cover ground very slowly.
You can spit poison.
You have a snake-like lower body.


Message History

There are monsters nearby!
There are monsters nearby!
Found 14 gold pieces.
The ball python bites you.
A goblin comes into view. It is wielding a +0 dagger.
You barely miss the kobold.
The goblin shouts!
Your punch misses the kobold.
You hear a shout!
The ball python closely misses you. The kobold hits you but does no damage.
The ball python closely misses you.
You hit the kobold.
The kobold is severely wounded.
A hobgoblin comes into view.
The kobold hits you with a +0 dagger. The ball python bites you.
The kobold attacks as it pursues you! The kobold hits you with a +0 dagger.
The ball python bites you. The kobold closely misses you.
The ball python attacks as it pursues you!
The ball python closely misses you.
The ball python bites you but does no damage.
The ball python attacks as it pursues you!
The ball python barely misses you.
You are too injured to fight recklessly!
You are too injured to fight recklessly!
You are too injured to fight recklessly!
You are too injured to fight recklessly!
You hit the ball python.
The ball python is severely wounded.
The ball python barely misses you. x2
You hit the ball python.
You kill the ball python!
You hit the quokka but do no damage. The quokka barely misses you.
You hit the quokka.
The quokka is severely wounded.
The quokka bites you.
* * * LOW HITPOINT WARNING * * *
The quokka barely misses you.
You completely miss the quokka.
The quokka is severely wounded.
The quokka bites you.
You die...

#.........#...........
#>....................
#.#...#######..####.#
# #....8....##.# #.#
###.# #.#.†..8⌠.##.#
#.# .....
.#...####8.##.# #.#
.g.... #...#....#
.##.# #.##......
###.#....#
##.####g........
#.#.##.#
#...hrgK........
#.....##
##.##########..$
#.#.#.## ##.# #.#....#
#..# # ##..#...####
#..#.### # #..# #
#.#.##..# #.......#


You could see a quokka, a hobgoblin, a goblin and a kobold.

Vanquished Creatures
  A dart slug (D:1)
  An endoplasm (D:1)
  A hobgoblin (D:1)
  A ball python (D:1)
4 creatures vanquished.

Notes
Turn   | Place    | Note
-------+----------+-------------------------------------------
     0 | D:1      | Dadi the Naga Shapeshifter began the quest for the Orb.
     0 | D:1      | Reached XP level 1. HP: 18/18 MP: 1/1
   106 | D:1      | Slain by a quokka

Illustrated notes

Levels and vault maps discovered:
D:1:      tarquinn_simple_flora_water_b, layout_basic, chequers_decorated_corner

Action                     || total
---------------------------++-------
  Melee: Unarmed           ||    16
         Punch             ||     1
 Armour: Animal skin       ||    11
  Dodge: Dodged            ||    13
   Form: Beast             ||     1
